AoeStats
← 徇亓

MegaRandom

506428009Analyzed
1v1 RM · 17d ago on Sep 13, 2026· 23m 21s· 2 players
Game mode
Random Map
Map size
Tiny (2 player)
Population
200
Speed
Normal
Resources
Standard
Victory
Conquest
Starting age
Dark Age
Ending age
Imperial Age
RankedLock teamsTeams togetherTeam positionsShared explorationLock speedFull tech treeHidden civsTurbo modeCheats
Victory
Defeat
🇨🇳 Lithuanians · China
1120
+17
🇩🇪 Cumans · Germany
1134
-17
徇亓
9:14 Feudal Age
9:48 Double-Bit Axe
10:43 Loom
14:13 Forging
14:19 Scale Barding Armor
18:36 Fletching
21:11 Bloodlines
EL-CIGARETTO
6:00 Loom
6:23 Loom
10:06 Feudal Age
10:32 Double-Bit Axe
Connection lost

Rejoining the realm…

Still unreachable

The connection could not be restored.

Session expired

The server has moved on; the page needs a fresh start.